 Dungeon Crawl Stone Soup version 0.26-a0-651-gb41185065b (webtiles) character file.

Game seed: 8068443429511263497

46 Irenicus the Digger (level 3, -5/28 HPs)
             Began as a Deep Dwarf Earth Elementalist on Oct 5, 2020.
             Killed by divine providence
             ... invoked by an orc priest
              (14 damage)
             ... on level 2 of the Dungeon.
             The game lasted 00:05:35 (883 turns).

Irenicus the Digger (Deep Dwarf Earth Elementalist)  Turns: 883, Time: 00:05:36

Health: -5/28      AC:  5    Str: 11    XL:     3   Next: 46%
Magic:  0/5        EV: 11    Int: 16    God:
Gold:   127        SH:  0    Dex: 13    Spells: 2/5 levels left

rFire    + . .     SeeInvis .   j - -3 dagger (curse)
rCold    . . .     Faith    .   (no shield)
rNeg     . . .     Spirit   .   i - +0 ring mail
rPois    .         Reflect  .   (no helmet)
rElec    .         Harm     .   (no cloak)
rCorr    .         Rampage  .   (no gloves)
MR       .....                  (no boots)
Stlth    +.........             (no amulet)
HPRegen  0.00/turn              g - ring of protection from fire {rF+, !d}
MPRegen  0.09/turn              (no ring)

@: non-regenerating, hasted, very quick
A: damage resistance, heal wounds, sense surroundings 1, no regeneration
a: Heal Wounds


You were on level 2 of the Dungeon.
You visited 1 branch of the dungeon, and saw 2 of its levels.

You collected 127 gold pieces.

Inventory:

Hand Weapons
 d - a +0 dagger
   (You took it off a kobold on level 1 of the Dungeon)
 j - a cursed -3 dagger (weapon)
   (You found it on level 2 of the Dungeon)
Missiles
 b - 24 stones (quivered)
Armour
 i - a +0 ring mail (worn)
   (You found it on level 1 of the Dungeon)
Jewellery
 g - a ring of protection from fire (left hand) {rF+, !d}
   (You found it on level 2 of the Dungeon)
Scrolls
 a - 4 scrolls of identify
 f - 2 scrolls of teleportation
 k - a scroll of remove curse {unknown}
 l - a scroll of immolation {unknown}
Potions
 c - a potion of curing
 h - a potion of mutation {!q}


   Skills:
 - Level 2.1 Dodging
 - Level 2.4 Stealth
 - Level 1.7 Spellcasting
 - Level 0.8 Transmutations
 + Level 6.1 Earth Magic


You had 2 spell levels left.
You knew the following spells:

 Your Spells              Type           Power        Failure   Level
a - Sandblast             Erth           ###...       4%          1
w - Passwall              Tmut/Erth      ##......     19%         2

Your spell library contained the following spells:

 Spells                   Type           Power        Failure   Level
 Stone Arrow              Conj/Erth      ##....       41%         3
 Lee's Rapid Deconstruct  Erth           ###.......   75%         5
 Petrify                  Tmut/Erth      ##......     77%         4


Dungeon Overview and Level Annotations

Branches:
Dungeon (2/15)

Altars:
Cheibriados
The Shining One


Innate Abilities, Weirdness & Mutations

You are resistant to damage.
You can heal yourself by infusing magical energy.
You passively map a small area around you.
You do not regenerate.


Message History

The dart slug bites you but does no damage.
You now have 4/5 mp.
Casting: Sandblast (safe; 4% risk of failure)
Confirm with . or Enter, or press ? or * to list all spells.
Aiming: Sandblast (safe; 4% risk of failure)
Press: ? - help, Shift-Dir - straight line, f/p - dart slug
Aim: a dart slug The blast of sand hits the dart slug!
You kill the dart slug!
Your Earth Magic skill increases to level 6!
b - 29 stones You now have 3/5 mp.
You see here a dart slug corpse.
You see here 15 gold pieces.
You now have 114 gold pieces (gained 15).
Your magical contamination has completely faded away.
Casting: Sandblast (safe; 4% risk of failure)
Confirm with . or Enter, or press ? or * to list all spells.
Aiming: Sandblast (safe; 4% risk of failure)
Press: ? - help, Shift-Dir - straight line, f - kobold
Aim: a kobold The blast of sand hits the kobold!
You kill the kobold!
b - 28 stones You now have 2/5 mp.
You now have 127 gold pieces (gained 13).
You see here a kobold corpse.
There is an open door here.
Casting: Sandblast (safe; 4% risk of failure)
Confirm with . or Enter, or press ? or * to list all spells.
Press: ? - help, Dir - move target cursor A rock wall.
You begin to meditate on the wall.
You continue meditating on the rock. x3
You finish merging with the rock.
You now have 2/5 mp.
l - a scroll labeled XUDUCL ROPOPE The orc shouts!
An orc comes into view.
The orc priest calls down the wrath of Beogh upon you.
You barely resist.
Casting: Passwall (safe; 19% risk of failure)
Confirm with . or Enter, or press ? or * to list all spells.
Aiming: Sandblast (safe; 4% risk of failure)
Press: ? - help, Shift-Dir - straight line, f - orc
Aim: an orc, wielding a -2 dagger You miscast Sandblast.
You are very lightly contaminated with residual magic.
Nothing appears to happen.
You now have 3/5 mp.
Casting: Sandblast (safe; 4% risk of failure)
Confirm with . or Enter, or press ? or * to list all spells.
Aiming: Sandblast (safe; 4% risk of failure)
Press: ? - help, Shift-Dir - straight line, f/p - orc
Aim: an orc, wielding a -2 dagger The blast of sand hits the orc.
The orc is heavily wounded.
b - 27 stones You now have 2/5 mp.
Casting: Sandblast (safe; 4% risk of failure)
Confirm with . or Enter, or press ? or * to list all spells.
Aiming: Sandblast (safe; 4% risk of failure)
Press: ? - help, Shift-Dir - straight line, f/p - orc
Aim: an orc, wielding a -2 dagger (heavily wounded)
The blast of sand hits the orc!
You kill the orc!
b - 26 stones You now have 1/5 mp.
Casting: Sandblast (safe; 4% risk of failure)
Confirm with . or Enter, or press ? or * to list all spells.
Press: ? - help, Shift-Dir - straight line, f - orc priest
Aim: an orc priest, wielding a +0 hand axe The blast of sand hits the orc priest.
The orc priest is heavily wounded.
b - 25 stones You now have 0/5 mp.
The orc misses you.
The orc priest invokes the aid of Beogh against you.
Pain shoots through your body!
You hit the orc priest.
The orc priest is heavily wounded.
The orc hits you but does no damage. The orc priest closely misses you.
Your magical contamination has completely faded away.
The orc priest barely misses you.
Casting: Sandblast (safe; 4% risk of failure)
Confirm with . or Enter, or press ? or * to list all spells.
Press: ? - help, Shift-Dir - straight line, f/p - orc priest
Aim: an orc priest, wielding a +0 hand axe (heavily wounded)
The blast of sand hits the orc priest.
The orc priest is severely wounded.
b - 24 stones The orc misses you.
The orc priest calls down the wrath of Beogh upon you.
Beogh smites you!
You take 10 damage, and have 9/28 hp.
MASSIVE DAMAGE!!
You now have 0/5 mp.
You aren't carrying any items that you can evoke.
It was a potion of haste.
You feel yourself speed up. The orc misses you.
The orc priest calls down the wrath of Beogh upon you.
Beogh smites you!
Ouch! That really hurt!
You die...

........# #.....#.........##.
........# #.....######.....#.
...<....# #.....## #.###.#.
........# ###รท.....# #.#<..#.
####.#### #........# #.######
####.# #........# #....... ..,#.#
#........## ########
##,#.########...##.#..######.,,.#
#*,#..........(.@o...).$.....,...
#*,#####o#.......o.##.#####.,*#.#
#*,# #.#.........##..# *,,,#.#
##.# #.#.........###.## *,,.#,#
...# #.#.........# #..# *,..#,*
#### #.#........>####.###..#*,* #
#.#......)..+.........#*,* #
#.#.........#####.##..#,,, #
#.######..............#,,*


You could see an orc priest and an orc.

Vanquished Creatures
  An adder (D:2)
  An ooze (D:1)
  A dart slug (D:2)
  An orc (D:2)
  3 giant cockroaches (D:2)
  2 goblins (D:2)
  3 hobgoblins (D:2)
  A quokka (D:2)
  6 bats
  A frilled lizard (D:1)
  6 kobolds
  4 rats
30 creatures vanquished.

Notes
Turn   | Place    | Note
-------+----------+-------------------------------------------
     0 | D:1      | Irenicus the Deep Dwarf Earth Elementalist began the quest
                  | for the Orb.
     0 | D:1      | Reached XP level 1. HP: 15/15 MP: 3/3
   248 | D:1      | Reached XP level 2. HP: 22/22 MP: 2/4
   404 | D:2      | Reached skill level 5 in Earth Magic
   626 | D:2      | Reached XP level 3. HP: 19/28 MP: 3/5
   640 | D:2      | Found a snail-covered altar of Cheibriados.
   777 | D:2      | Learned a level 2 spell: Passwall
   823 | D:2      | Found a glowing golden altar of the Shining One.
   828 | D:2      | Reached skill level 6 in Earth Magic
   883 | D:2      | Killed from afar by an orc priest

Illustrated notes

Levels and vault maps discovered:
D:1:      erik_arrival_cave_to_civilisation [erik_arrival_cave_to_hall],
          layout_basic
D:2:      layout_basic, cheibriados_altar_1, nicolae_tso_swordbearing_angel

Skill      XL: |  1  2  3 |
---------------+----------+-----
Earth Magic    | 5 6 |  6.1
Dodging        | |  2.1
Stealth        | |  2.4
Spellcasting   | |  1.7
Transmutations | |  0.8

Action                   || total
-------------------------++-------
Melee: Dagger            ||     3
 Cast: Sandblast         ||    45
       Passwall          ||     1
  Use: Scroll            ||     5
       Potion            ||     1
Armor: Leather armour    ||     3
       Ring mail         ||     9
Dodge: Dodged            ||    19

Table legend: (Time is in decaauts)
 A = Elapsed time spent in this place.
 B = Non-inter-level travel time spent in this place.
 C = Inter-level travel time spent in this place.
 D = Time resting spent in this place.
 E = Time spent auto-exploring this place.
 F = Levels seen in this place.
 G = Mean time per level.
                   A        B        C        D        E       F      G
               +--------+--------+--------+--------+--------+-----+--------+
         Total |    881 |    881 |      0 |      0 |      0 |   2 |  440.5 |
       Dungeon |    881 |    881 |      0 |      0 |      0 |   2 |  440.5 |
               +--------+--------+--------+--------+--------+-----+--------+

Top non-repeatable levels by time:
     D:2: 479 daAuts
     D:1: 401 daAuts

Table legend:
 A = Kills in this place as a percentage of kills in entire the game.
 B = Kills by you in this place as a percentage of kills by you in the entire game.
 C = Kills by friends in this place as a percentage of kills by friends in the entire game.
 D = Other kills in this place as a percentage of other kills in the entire game.
 E = Experience gained in this place as a percentage of experience gained in the entire game.
 F = Experience gained in this place divided by the number of levels of this place that you have seen.
                   A       B       C       D       E      F
               +-------+-------+-------+-------+-------+----------------------
         Total | 100.0 | 100.0 |   N/A |   N/A | 100.0 |  33.5
       Dungeon | 100.0 | 100.0 |   N/A |   N/A | 100.0 |  33.5
               +-------+-------+-------+-------+-------+----------------------
